[Event "*** SCC Grand Prix: Titled Tuesday Blitz"]
[Site "Chess.com"]
[Date "2020.07.14"]
[Round "3"]
[White "Korona_91"]
[Black "memer5334"]
[Result "1-0"]
[WhiteElo "2485"]
[BlackElo "2237"]
[TimeControl "180+1"]
[EndTime "10:31:49 PDT"]
[Termination "Korona_91 won by resignation"]

1. e4 b6 2. d4 Bb7 3. Bd3 Nf6 4. Nc3 Nc6 5. e5 Ng8 6. Nf3 e6 7. O-O d6 8. Be4 d5 9. Bd3 a6 10. a4 Nb4 11. Be2 Be7 12. Be3 c5 13. a5 b5 14. Nb1 c4 15. c3 Nc6 16. b4 cxb3 17. Qxb3 Nxa5 18. Qc2 Nc4 19. Nbd2 Nxe3 20. fxe3 Nh6 21.
Bd3 Ng4 22. Rae1 Bg5 23. Nxg5 Qxg5 24. Nf3 Qh6 25. Qe2 Qh5 26. h3 Nh6 27. Qf2 f6 28.
exf6 O-O 29. fxg7 Rf6 30. Qg3 Nf5 31. Bxf5 Rxf5 32. Qc7 Rf7 33. Qe5 Qxe5 34. Nxe5 Rxg7 35. Rf6 Re8 36. Nd3 Bc8 37. Ne5 Rc7 38. Ref1 a5 39. Nd3 Rxc3 40. Nc5 Rxe3 41. Rf7 e5 42. dxe5 R3xe5 43. Ra7 Bf5 44. g4 Be6 45. Rxa5 b4 46. Nd3 Re3 47.
Nf4 Bf7 48. Rb5 b3 49. Kf2 d4 50. Rd1 R3e4 51. Kg3 Re3+ 52. Kh4 Rf3 53. Rxd4 Ree3 54. Rd8+ Kg7 55. Nh5+ Bxh5 56. Kxh5 Rxh3+ 57. Kg5 Rhf3 58. Rb7+ Rf7 59. Rdd7 h6+ 60. Kh4 Rf3 61. Rxf7+ Rxf7 62. Rxb3 Rf2 63. Rb7+ Kg6 64. Rb6+ Kg7 65. Rb8 Rg2 66.
Kh3 Rc2 67. Rb7+ Kg6 68. Rb6+ Kh7 69. Rb5 Rc3+ 70. Kh4 Rc1 71. Rb7+ Kg6 72. Rb6+ Kg7 73. Rb2 Rh1+ 74. Kg3 Ra1 75. Rb7+ Kg6 76. Rb6+ Kh7 77. Rb7+ Kg8 78. Rb3 Ra2 79. Rf3 Kg7 80. Re3 Ra1 81. Kf4 Kf6 82. Rh3 Ra4+ 83. Kg3 Kg5 84. Rh5+ Kg6 85.
Rb5 Ra3+ 86. Kh4 Ra6 87. Rf5 Rd6 88. Re5 Rf6 89. Ra5 Rb6 90. Rc5 Kg7 91. Ra5 Rb2 92.
Ra7+ Kg6 93. Ra5 Rh2+ 94. Kg3 Rh1 95. Ra6+ Kg7 96. Ra7+ Kf6 97. Ra6+ Ke5 98. Ra5+ Kd4 99. Rh5 Rg1+ 100. Kf3 Rf1+ 101. Kg2 Rf6 102. Kg3 Ke4 103. Ra5 Rg6 104. Ra8 h5 105. Re8+ Kd4 106. Kh3 hxg4+ 107. Kg3 Kd5 108. Re1 Kd4 109. Re2 Kd3 110. Re1 Kd4 111. Re2 Kd5 112. Re1 Rg8 113. Re2 Kd4 114. Re1 Kd3 115. Re7 Re8 116. Rxe8 1-0

[Event "*** SCC Grand Prix: Titled Tuesday Blitz"]
[Site "Chess.com"]
[Date "2020.07.14"]
[Round "3"]
[White "2008king"]
[Black "WiktoriaPOL"]
[Result "1/2-1/2"]
[WhiteElo "2236"]
[BlackElo "1898"]
[TimeControl "180+1"]
[EndTime "10:31:54 PDT"]
[Termination "Game drawn by 50-move rule"]

1. e4 c5 2. Nf3 g6 3. d4 cxd4 4.
Nxd4 Nc6 5. Nc3 Bg7 6. Be3 Nf6 7. Bc4 Qa5 8. O-O O-O 9. Bb3 d6 10. h3 Bd7 11. f4 Nxd4 12. Bxd4 Bc6 13. Qe2 Rfd8 14. Rad1 b5 15. a3 b4 16. axb4 Qxb4 17.
Bf2 Nxe4 18. Nxe4 Qxe4 19. Qxe4 Bxe4 20. c3 Bc6 21. Ra1 a5 22. Bc4 d5 23. Bd3 Rdb8 24. Rfb1 a4 25. Ra3 e6 26. Bd4 Bf8 27.
Raa1 Bb5 28. Bxb5 Rxb5 29. b4 Bg7 30. Bxg7 Kxg7 31. Ra3 Rc8 32. Kf2 Rc4 33. Ke3 Re4+ 34. Kf3 Rc4 35. Rxa4 Rxc3+ 36. Kf2 Rc2+ 37. Kg1 Rc4 38.
Ra5 Rbxb4 39. Rxb4 Rxb4 40. Ra7 Rb1+ 41. Kf2 Kf6 42. Kg3 d4 43. Rd7 Rb3+ 44. Kh2 d3 45.
Rd4 e5 46. fxe5+ Kxe5 47. Rd7 f5 48. Rxh7 Ke4 49. Rd7 Rb2 50. Kg3 Ke3 51. Re7+ Kd2 52. Kf3 Kc1 53. Rc7+ Rc2 54. Ra7 d2 55. Ra1+ Kb2 56.
Rd1 Kc3 57. Ke2 Rb2 58. g4 Rc2 59. gxf5 gxf5 60. h4 Ra2 61. h5 Ra6 62. Rxd2 Re6+ 63. Kd1 Rh6 64. Rc2+ Kd3 65. Rh2 Ke4 66. Ke2 Kf4 67.
Kf2 Kg4 68. Rg2+ Kxh5 69. Kf3 Rf6 70. Kf4 Kh6 71. Rh2+ Kg7 72. Kg5 Kf7 73. Ra2 Rd6 74.
Kxf5 Rd5+ 75. Ke4 Rc5 76. Ra7+ Kf6 77. Kd4 Rf5 78. Ra6+ Kg5 79. Ke4 Rf4+ 80. Ke3 Rf5 81. Ra8 Rf6 82. Rg8+ Kf5 83. Rg1 Re6+ 84. Kf3 Ra6 85. Rd1 Ra3+ 86. Kf2 Ra2+ 87. Kf3 Ra3+ 88. Kg2 Ra2+ 89. Kh3 Ra3+ 90. Kh4 Ra4+ 91. Kh5 Ra2 92. Rf1+ Ke4 93. Kg4 Rg2+ 94. Kh3 Re2 95. Kh4 Rg2 96. Kh5 Re2 97. Kg6 Re3 98. Ra1 Rg3+ 99. Kf6 Rf3+ 100. Ke6 Rg3 101. Ra4+ Kf3 102. Kf5 Kg2 103. Kf4 Rf3+ 104. Ke4 Rf8 105. Ra2+ Kg3 106. Ra1 Re8+ 107. Kf5 Rf8+ 108. Kg5 Rg8+ 109. Kf6 Rf8+ 110. Kg7 Rf3 111. Rg1+ Kf4 112. Rh1 Rg3+ 113. Kf7 Ke3 114. Ke6 Rf3 115. Ke5 Rg3 116. Ra1 Kf3 117. Kf5 Rg2 118. Ra3+ Kf2 119. Kf4 Rh2 120. Ra1 Rh4+ 121. Kg5 Rc4 122. Ra2+ Kf3 123. Ra3+ Kf2 124. Rh3 1/2-1/2

[Event "*** SCC Grand Prix: Titled Tuesday Blitz"]
[Site "Chess.com"]
[Date "2020.07.14"]
[Round "4"]
[White "SamuelGhimpu2003"]
[Black "jaskol95"]
[Result "1-0"]
[WhiteElo "2604"]
[BlackElo "2405"]
[TimeControl "180+1"]
[EndTime "10:34:21 PDT"]
[Termination "SamuelGhimpu2003 won by resignation"]

1. d4 Nf6 2. c4 g6 3. Nc3 d5 4.
cxd5 Nxd5 5. e4 Nxc3 6. bxc3 Bg7 7. Nf3 O-O 8. Be3 c5 9. Qd2 Nc6 10. d5 Ne5 11. Nxe5 Bxe5 12. Bxc5 b6 13. Bd4 Bxd4 14. Qxd4 e6 15. d6 Bb7 16. e5 f6 17.
Bc4 Qd7 18. O-O fxe5 19. Qxe5 Rae8 20. Rfe1 Qc6 21. Bxe6+ Rxe6 22. Qxe6+ Kg7 23. f3 Qxc3 24. Qe5+ 1-0

[Event "*** SCC Grand Prix: Titled Tuesday Blitz"]
[Site "Chess.com"]
[Date "2020.07.14"]
[Round "4"]
[White "GMHess"]
[Black "Kildepiotr"]
[Result "1-0"]
[WhiteElo "2754"]
[BlackElo "2590"]
[TimeControl "180+1"]
[EndTime "10:34:22 PDT"]
[Termination "GMHess won by resignation"]

1. b3 d5 2. Bb2 c5 3. Nf3 f6 4. d3 e5 5. Nbd2 Nc6 6. e4 d4 7.
Nh4 g6 8. g3 Bh6 9. Nc4 b5 10.
Nd2 Be6 11. Bg2 Nge7 12. O-O O-O 13. Bc1 Qc7 14. Nb1 c4 15. Bxh6 1-0

[Event "*** SCC Grand Prix: Titled Tuesday Blitz"]
[Site "Chess.com"]
[Date "2020.07.14"]
[Round "4"]
[White "jens1102"]
[Black "chezzgirl04"]
[Result "1-0"]
[WhiteElo "2428"]
[BlackElo "2012"]
[TimeControl "180+1"]
[EndTime "10:34:31 PDT"]
[Termination "jens1102 won by checkmate"]

1. c4 e5 2. Nc3 Nf6 3. Nf3 c6 4.
Nxe5 d5 5. cxd5 cxd5 6. d4 Bd6 7. Bg5 O-O 8. e3 Be6 9. Bd3 h6 10. Bh4 g5 11. Bg3 Nbd7 12. h4 Bxe5 13. dxe5 Ng4 14. hxg5 Qxg5 15. Bf4 Kg7 16. Bxg5 hxg5 17. Rh7+ Kg8 18.
Rh5 Ngxe5 19. Rxg5+ Ng6 20. Qh5 Ne5 21. Rxe5 Nxe5 22.
Qh7# 1-0

[Event "*** SCC Grand Prix: Titled Tuesday Blitz"]
[Site "Chess.com"]
[Date "2020.07.14"]
[Round "4"]
[White "Tolya2"]
[Black "GothamChess"]
[Result "0-1"]
[WhiteElo "2397"]
[BlackElo "2601"]
[TimeControl "180+1"]
[EndTime "10:34:43 PDT"]
[Termination "GothamChess won by resignation"]

1. Nf3 f5 2. d4 Nf6 3. g3 g6 4.
b4 Bg7 5. Bb2 O-O 6. Nbd2 a5 7. b5 a4 8. a3 d6 9. c4 e6 10. Qc2 Qe7 11. Bg2 b6 12. Ng5 Ra7 13. e4 h6 14. Ngf3 Bb7 15. d5 exd5 16. cxd5 Bxd5 17.
O-O Nxe4 18. Bxg7 Qxg7 19. Nc4 Nd7 20. Ne3 Ba8 21. Rfd1 Ndc5 22. Nd5 Bxd5 23. Rxd5 Qxa1+ 0-1

[Event "*** SCC Grand Prix: Titled Tuesday Blitz"]
[Site "Chess.com"]
[Date "2020.07.14"]
[Round "4"]
[White "alfiefischer77"]
[Black "Joseacorrea"]
[Result "1-0"]
[WhiteElo "2190"]
[BlackElo "1938"]
[TimeControl "180+1"]
[EndTime "10:34:45 PDT"]
[Termination "alfiefischer77 won by resignation"]

1. e4 c5 2. Nf3 Nc6 3. d4 cxd4 4.
Nxd4 g6 5. Nc3 Bg7 6. Be3 Nf6 7. Nxc6 bxc6 8. e5 Ng8 9. Bd4 c5 10. Bxc5 Bxe5 11. Qd5 Bxc3+ 12. bxc3 Rb8 13. Qe5 Nf6 14. Qxb8 d6 15. Bb5+ Kf8 16. Bxa7 Kg7 17. Bb6 Nd7 18.
Bxd8 Nxb8 19. Bxe7 1-0

[Event "*** SCC Grand Prix: Titled Tuesday Blitz"]
[Site "Chess.com"]
[Date "2020.07.14"]
[Round "4"]
[White "margarita_2703"]
[Black "rugbyclub"]
[Result "1-0"]
[WhiteElo "2382"]
[BlackElo "2117"]
[TimeControl "180+1"]
[EndTime "10:34:46 PDT"]
[Termination "margarita_2703 won by resignation"]

1. Nf3 d5 2. d4 e6 3. c4 c6 4. Nc3 dxc4 5. e3 b5 6. a4 Bb4 7. Bd2 Bd7 8. Ne5 Nf6 9. Qf3 O-O 10.
axb5 Qc8 11. Bxc4 cxb5 12. Qxa8 bxc4 13. Rxa7 Bxc3 14. Bxc3 Nc6 15. Qxc8 1-0

[Event "*** SCC Grand Prix: Titled Tuesday Blitz"]
[Site "Chess.com"]
[Date "2020.07.14"]
[Round "4"]
[White "Alopekos"]
[Black "pedro_nascimento85"]
[Result "1-0"]
[WhiteElo "2349"]
[BlackElo "1946"]
[TimeControl "180+1"]
[EndTime "10:34:56 PDT"]
[Termination "Alopekos won by resignation"]

1. e4 e6 2. d4 d5 3. Nc3 Bb4 4.
e5 c5 5. a3 Bxc3+ 6. bxc3 Ne7 7. Qg4 O-O 8. Nf3 f5 9. exf6 Rxf6 10. Bg5 Rf7 11. Ne5 Rf8 12. Qh4 Nbc6 13. Nxc6 bxc6 14. Bxe7 Qa5 15. Qg3 Rf7 16. Bxc5 1-0

[Event "*** SCC Grand Prix: Titled Tuesday Blitz"]
[Site "Chess.com"]
[Date "2020.07.14"]
[Round "4"]
[White "Andrei_Belozerov"]
[Black "Bastiandash"]
[Result "1-0"]
[WhiteElo "2559"]
[BlackElo "2317"]
[TimeControl "180+1"]
[EndTime "10:35:06 PDT"]
[Termination "Andrei_Belozerov won by resignation"]

1. e4 c6 2. d4 d5 3. Nd2 dxe4 4.
Nxe4 g6 5. c3 Bg7 6. Bc4 Nf6 7.
Nxf6+ Bxf6 8. Bh6 Nd7 9. Nf3 Nf8 10.
O-O Be6 11. Qe2 Bxc4 12. Qxc4 Qd5 13. Qb4 Qd7 14. Rfe1 e6 15. Ne5 Qe7 16. Qb3 Bg5 17. Bxg5 Qxg5 18. Qxb7 1-0

[Event "*** SCC Grand Prix: Titled Tuesday Blitz"]
[Site "Chess.com"]
[Date "2020.07.14"]
[Round "4"]
[White "Malysch"]
[Black "MacDaddyMac"]
[Result "0-1"]
[WhiteElo "2440"]
[BlackElo "2315"]
[TimeControl "180+1"]
[EndTime "10:35:06 PDT"]
[Termination "MacDaddyMac won by resignation"]

1. d4 Nf6 2. c4 e6 3. g3 Bb4+ 4.
Nd2 c5 5. a3 Bxd2+ 6. Qxd2 cxd4 7.
Nf3 Nc6 8. Nxd4 O-O 9. Bg2 e5 10. Nb5 a6 11. Nd6 Nd4 12. Qc3 Qc7 13. c5 Rb8 14. e3 Ne6 15. Qd4 exd4 0-1

[Event "*** SCC Grand Prix: Titled Tuesday Blitz"]
[Site "Chess.com"]
[Date "2020.07.14"]
[Round "4"]
[White "Haykoooo0o"]
[Black "Zhuu96"]
[Result "0-1"]
[WhiteElo "2522"]
[BlackElo "2833"]
[TimeControl "180+1"]
[EndTime "10:35:14 PDT"]
[Termination "Zhuu96 won by resignation"]

1. d4 Nf6 2. c4 g6 3. Nc3 Bg7 4. e4 O-O 5. f4 a6 6. e5 Ne8 7.
Nf3 d6 8. Be2 Nd7 9. O-O c5 10.
d5 dxe5 11. fxe5 Nxe5 12. Nxe5 Bxe5 13. Bh6 Ng7 14. Qd2 Qc7 15. h3 Nf5 16. Bxf8 Bh2+ 17. Kh1 Ng3+ 18. Kxh2 Nxf1+ 0-1

[Event "*** SCC Grand Prix: Titled Tuesday Blitz"]
[Site "Chess.com"]
[Date "2020.07.14"]
[Round "4"]
[White "suyu28"]
[Black "RenarddesSurfaces"]
[Result "1-0"]
[WhiteElo "2553"]
[BlackElo "2365"]
[TimeControl "180+1"]
[EndTime "10:35:15 PDT"]
[Termination "suyu28 won by resignation"]

1. c4 e5 2. Nc3 Nf6 3. Nf3 Nc6 4. d4 exd4 5. Nxd4 Be7 6. g3 d5 7.
Nxc6 bxc6 8. Bg2 Be6 9. O-O O-O 10. e3 Rb8 11. cxd5 cxd5 12. b3 c5 13. Bb2 Qd7 14.
Qd2 c4 15. Na4 cxb3 16. axb3 Rxb3 17. Bxf6 Bxf6 18. Nc5 Rb2 19. Qxb2 Bxb2 20. Nxd7 Bxa1 21. Nxf8 1-0

[Event "*** SCC Grand Prix: Titled Tuesday Blitz"]
[Site "Chess.com"]
[Date "2020.07.14"]
[Round "4"]
[White "Agibileg"]
[Black "ItsCheckM8Mate"]
[Result "0-1"]
[WhiteElo "2419"]
[BlackElo "2266"]
[TimeControl "180+1"]
[EndTime "10:35:23 PDT"]
[Termination "ItsCheckM8Mate won by resignation"]

1. d4 Nf6 2. c4 c5 3. d5 b5 4. cxb5 a6 5. b6 e6 6. dxe6 fxe6 7. Nc3 d5 8. e4 d4 9. e5 Nd5 10. Nxd5 Qxd5 11. Nf3 Be7 12. Bd3 O-O 13. O-O Bb7 14. b3 Nd7 15. Bc4 Qc6 16. Bb2 Nxe5 17. Rc1 Nxf3+ 18.
gxf3 Rxf3 19. Qe2 Re3 0-1

[Event "*** SCC Grand Prix: Titled Tuesday Blitz"]
[Site "Chess.com"]
[Date "2020.07.14"]
[Round "4"]
[White "Colombiano07"]
[Black "Flawless_Fighter"]
[Result "0-1"]
[WhiteElo "2319"]
[BlackElo "2565"]
[TimeControl "180+1"]
[EndTime "10:35:26 PDT"]
[Termination "Flawless_Fighter won by resignation"]

1. d4 Nf6 2. Nf3 d5 3. Bf4 e6 4.
e3 Bd6 5. Nbd2 Bxf4 6. exf4 O-O 7. Bd3 c5 8. dxc5 Qc7 9. g3 Qxc5 10. O-O Nc6 11. Re1 Bd7 12. Ne5 Rfd8 13. c4 Nb4 14. Bb1 dxc4 15. Ndxc4 Bb5 16. Qb3 Rac8 17. Ne3 Nc6 18.
N3g4 Nd4 19. Qe3 Nxg4 20. Nxg4 Bc6 21. Be4 Bxe4 22. Qxe4 f5 0-1

[Event "*** SCC Grand Prix: Titled Tuesday Blitz"]
[Site "Chess.com"]
[Date "2020.07.14"]
[Round "4"]
[White "deribas12345"]
[Black "GM_Levan_Pantsulaia"]
[Result "1-0"]
[WhiteElo "2611"]
[BlackElo "2821"]
[TimeControl "180+1"]
[EndTime "10:35:31 PDT"]
[Termination "deribas12345 won by resignation"]

1. d4 Nf6 2. c4 c5 3. d5 e6 4.
Nc3 exd5 5. cxd5 d6 6. e4 g6 7. Nge2 h5 8. f3 Bg7 9. Be3 Nbd7 10. Qd2 a6 11. a4 Rb8 12. Nf4 Ne5 13. Be2 g5 14.
Nd3 Nc4 15. Qc1 Nxe3 16. Qxe3 h4 17. e5 dxe5 18. Qxe5+ Qe7 19. Qxb8 O-O 20. Qe5 Qd8 21. Qxg5 h3 22. gxh3 1-0

[Event "*** SCC Grand Prix: Titled Tuesday Blitz"]
[Site "Chess.com"]
[Date "2020.07.14"]
[Round "4"]
[White "tk22h"]
[Black "Alberquintin"]
[Result "1/2-1/2"]
[WhiteElo "2299"]
[BlackElo "2420"]
[TimeControl "180+1"]
[EndTime "10:35:31 PDT"]
[Termination "Game drawn by agreement"]

1. c4 Nf6 2. Nc3 g6 3. Nf3 d6 4. g3 Bg7 5. d4 O-O 6. Bg2 Nc6 7. O-O a6 8. b3 Rb8 9. Bb2 b5 10. cxb5 axb5 11. Rc1 b4 12. Na4 Na7 13. Re1 Bb7 14.
Qd2 Qd7 15. Ng5 Bxg2 16. Kxg2 h6 17. Nf3 Nd5 18. e4 Nb6 19. Nxb6 Rxb6 20. d5 c5 21. dxc6 Nxc6 22. Bxg7 Kxg7 23. Rc4 Qb7 24. Rec1 Ne5 25. Nxe5 dxe5 26. Qd5 Qxd5 27. exd5 Rd8 28. Rc5 Ra6 29.
R1c2 Rda8 30. Re2 Rxa2 31. Rxe5 Rb2 32. Re3 Raa2 33. Rf3 Ra3 34. Rc7 Raxb3 35. Rxb3 Rxb3 36. Rxe7 Rd3 37. Rb7 1/2-1/2

[Event "*** SCC Grand Prix: Titled Tuesday Blitz"]
[Site "Chess.com"]
[Date "2020.07.14"]
[Round "4"]
[White "Roza_Idrisova"]
[Black "supertfc"]
[Result "1-0"]
[WhiteElo "2252"]
[BlackElo "2404"]
[TimeControl "180+1"]
[EndTime "10:35:31 PDT"]
[Termination "Roza_Idrisova won by resignation"]

1. d4 Nf6 2. Nf3 d5 3. Bg5 Ne4 4. Bf4 c5 5. c3 Nc6 6. e3 Bf5 7. h3 e6 8. Nbd2 Be7 9. Be2 O-O 10. O-O a6 11. Nxe4 Bxe4 12. a4 c4 13. Nd2 Bg6 14.
Bf3 b5 15. axb5 axb5 16. e4 Qd7 17. Qe2 Na5 18. Rfe1 Bd6 19. Bxd6 Qxd6 20. exd5 exd5 21. Qe5 Qxe5 22. Rxe5 Nb3 23. Nxb3 cxb3 24. Rxa8 Rxa8 25. Bxd5 Ra1+ 26. Kh2 h6 27. Bxb3 Rb1 28. Rxb5 Rxb2 29.
Bxf7+ 1-0

[Event "*** SCC Grand Prix: Titled Tuesday Blitz"]
[Site "Chess.com"]
[Date "2020.07.14"]
[Round "4"]
[White "Bodnar_Mykola"]
[Black "GMKrikor"]
[Result "0-1"]
[WhiteElo "2482"]
[BlackElo "2695"]
[TimeControl "180+1"]
[EndTime "10:35:40 PDT"]
[Termination "GMKrikor won by resignation"]

1. e4 g6 2. d4 Bg7 3. Nc3 d6 4. f4 a6 5. Nf3 b5 6. e5 Nh6 7. Bd3 O-O 8. O-O Nd7 9. f5 Nxf5 10. Bxf5 gxf5 11. Ng5 dxe5 12. Qh5 Nf6 13. Qh4 Qxd4+ 14. Qxd4 exd4 0-1

[Event "*** SCC Grand Prix: Titled Tuesday Blitz"]
[Site "Chess.com"]
[Date "2020.07.14"]
[Round "4"]
[White "aloe_normansen"]
[Black "eCztery"]
[Result "1-0"]
[WhiteElo "2220"]
[BlackElo "2421"]
[TimeControl "180+1"]
[EndTime "10:35:58 PDT"]
[Termination "aloe_normansen won by resignation"]

1. e4 c5 2. Nf3 g6 3. d4 cxd4 4. Nxd4 Nc6 5. Nc3 Bg7 6. Be3 Nf6 7. Nxc6 bxc6 8. e5 Ng8 9. Bd4 Qa5 10. Bc4 Bxe5 11. O-O Bxd4 12. Qxd4 Nf6 13. Rfe1 Qf5 14. Re5 Qg4 15. Rxe7+ Kxe7 16. Re1+ Qe6 17. Bxe6 dxe6 18.
Qc5+ Kd7 19. Qe5 Ke7 20. Ne4 Nxe4 21. Qxh8 Bb7 22. Qd4 Nf6 23. Qb4+ 1-0

[Event "*** SCC Grand Prix: Titled Tuesday Blitz"]
[Site "Chess.com"]
[Date "2020.07.14"]
[Round "4"]
[White "natelleka"]
[Black "x-3738459472"]
[Result "1/2-1/2"]
[WhiteElo "2134"]
[BlackElo "2540"]
[TimeControl "180+1"]
[EndTime "10:36:06 PDT"]
[Termination "Game drawn by repetition"]

1. e4 c5 2. Nf3 Nc6 3. d4 cxd4 4. Nxd4 e5 5. Nb5 d6 6. c4 Be7 7. Be2 a6 8. N5c3 Bg5 9. Be3 Bxe3 10. fxe3 Nf6 11. O-O O-O 12. Nd2 Qb6 13. Rf3 Ng4 14. Nd5 Qxb2 15. Rg3 Nh6 16. Qf1 Be6 17. Rxg7+ Kxg7 18. Qf6+ Kg8 19. Qg5+ Kh8 20. Qf6+ Kg8 21. Qg5+ Kh8 22.
Qf6+ Kg8 1/2-1/2

[Event "*** SCC Grand Prix: Titled Tuesday Blitz"]
[Site "Chess.com"]
[Date "2020.07.14"]
[Round "4"]
[White "barbara25"]
[Black "CroissantNeuf"]
[Result "0-1"]
[WhiteElo "2212"]
[BlackElo "2407"]
[TimeControl "180+1"]
[EndTime "10:36:17 PDT"]
[Termination "CroissantNeuf won by checkmate"]

1. e4 c6 2. d4 d5 3. f3 e6 4. Nc3 Bb4 5. a3 Bxc3+ 6. bxc3 dxe4 7. Qe2 exf3 8. Nxf3 Nf6 9. Qf2 Qa5 10. Bd2 Ne4 11. Qe3 Nxd2 12. Qxd2 Nd7 13. Bd3 Nf6 14. O-O O-O 15. Ne5 c5 16. Rxf6 gxf6 17. Qh6 f5 18. Qg5+ Kh8 19. Qf6+ Kg8 20. Rf1 Qd8 21. Qh6 f6 22.
Nc4 Kh8 23. Rf3 Rg8 24. dxc5 Rg6 25. Qh4 Qd5 26. Rh3 Qxg2# 0-1

[Event "*** SCC Grand Prix: Titled Tuesday Blitz"]
[Site "Chess.com"]
[Date "2020.07.14"]
[Round "4"]
[White "davigator"]
[Black "crazychessbr"]
[Result "1-0"]
[WhiteElo "2362"]
[BlackElo "2072"]
[TimeControl "180+1"]
[EndTime "10:36:23 PDT"]
[Termination "davigator won by resignation"]

1. e4 e6 2. d4 d5 3. Nc3 Nf6 4. e5 Nfd7 5. f4 c5 6. Nf3 Nc6 7. Be3 Qb6 8. a3 cxd4 9. Nxd4 Nxd4 10. Bxd4 Bc5 11. Na4 Qa5+ 12. c3 Bxd4 13. Qxd4 O-O 14.
Be2 b5 15. Nc5 Nxc5 16. Qxc5 Ba6 17. O-O Rfc8 18. Qb4 Qxb4 19. axb4 Rc6 20. Rfd1 Rb6 21. Ra5 Rc8 22. Kf2 Kf8 23. Ke3 Ke8 24. Rda1 Rcc6 25. Rxa6 Rxa6 26. Rxa6 d4+ 27. Kxd4 1-0

[Event "*** SCC Grand Prix: Titled Tuesday Blitz"]
[Site "Chess.com"]
[Date "2020.07.14"]
[Round "4"]
[White "Escanor89"]
[Black "Supernotar"]
[Result "1/2-1/2"]
[WhiteElo "2532"]
[BlackElo "2831"]
[TimeControl "180+1"]
[EndTime "10:36:28 PDT"]
[Termination "Game drawn by agreement"]

1. c4 c5 2. Nf3 Nc6 3. d4 cxd4 4. Nxd4 g6 5. e4 Bg7 6. Be3 Nf6 7. Nc3 d6 8. Be2 O-O 9. O-O Bd7 10. Qc2 Nxd4 11. Bxd4 Bc6 12. Rad1 Nd7 13. Bxg7 Kxg7 14. f4 Rc8 15.
Kh1 a6 16. b3 Kg8 17. Qd2 Re8 18. Bg4 Qa5 19. e5 dxe5 20. fxe5 Qxe5 21. Bxd7 Bxd7 22. Rfe1 1/2-1/2

[Event "*** SCC Grand Prix: Titled Tuesday Blitz"]
[Site "Chess.com"]
[Date "2020.07.14"]
[Round "4"]
[White "Kosche007"]
[Black "GAusal"]
[Result "0-1"]
[WhiteElo "2266"]
[BlackElo "2055"]
[TimeControl "180+1"]
[EndTime "10:36:29 PDT"]
[Termination "GAusal won by resignation"]

1. e4 e5 2. Nf3 Nc6 3. Nc3 Bc5 4. Nxe5 Nxe5 5. d4 Bd6 6. dxe5 Bxe5 7. f4 Bxc3+ 8. bxc3 Nf6 9. e5 Qe7 10. Be2 Ne4 11.
Qd4 Qh4+ 12. g3 Nxg3 13. Qf2 Nf5 14. Qxh4 Nxh4 15. Ba3 Ng2+ 16. Kf2 Nxf4 17. Bf3 Rb8 18. Kg3 Ng6 19. Rae1 b6 20. h4 h5 21. Re3 Bb7 22. Be2 Bxh1 0-1

[Event "*** SCC Grand Prix: Titled Tuesday Blitz"]
[Site "Chess.com"]
[Date "2020.07.14"]
[Round "4"]
[White "Evgeny81"]
[Black "maestroza"]
[Result "1-0"]
[WhiteElo "2752"]
[BlackElo "2498"]
[TimeControl "180+1"]
[EndTime "10:36:31 PDT"]
[Termination "Evgeny81 won by resignation"]

1. e4 Nf6 2. e5 Nd5 3. Nf3 d6 4. d4 dxe5 5. dxe5 Bg4 6. Be2 e6 7. O-O Nc6 8. Re1 Bb4 9. c3 Be7 10. Nbd2 Nf4 11. Bb5 Nd3 12. Re4 Bf5 13. Rd4 Qc8 14.
Rxd3 Bxd3 15. Bxd3 O-O 16. Qe2 Rd8 17. Ne4 h6 18. Bf4 Bf8 19. Bxh6 Ne7 20. Bg5 1-0

[Event "*** SCC Grand Prix: Titled Tuesday Blitz"]
[Site "Chess.com"]
[Date "2020.07.14"]
[Round "4"]
[White "temus_galaktionov"]
[Black "Gahan-MG"]
[Result "1-0"]
[WhiteElo "2669"]
[BlackElo "2471"]
[TimeControl "180+1"]
[EndTime "10:36:31 PDT"]
[Termination "temus_galaktionov won by resignation"]

1. d4 Nf6 2. Nf3 g6 3. c4 Bg7 4.
Nc3 d5 5. cxd5 Nxd5 6. e4 Nxc3 7. bxc3 c5 8. Be3 Nc6 9. Qd2 O-O 10. d5 Qa5 11.
Rc1 Rd8 12. Be2 e6 13. O-O exd5 14. exd5 Bf5 15. Rfd1 Ne5 16. Nxe5 Bxe5 17. c4 Qc7 18. g3 h5 19. Bg5 Rd7 20. Bf3 Re8 21. Kg2 Bd4 22. Re1 Rc8 23. h3 f6 24. Bf4 Be5 25. Bxe5 fxe5 26. g4 hxg4 27. hxg4 Be6 28. Qh6 1-0

[Event "*** SCC Grand Prix: Titled Tuesday Blitz"]
[Site "Chess.com"]
[Date "2020.07.14"]
[Round "4"]
[White "XxPetroffsxX"]
[Black "andrzej"]
[Result "0-1"]
[WhiteElo "1940"]
[BlackElo "2201"]
[TimeControl "180+1"]
[EndTime "10:36:38 PDT"]
[Termination "andrzej won by resignation"]

1. e4 c6 2. Nc3 d5 3. d4 dxe4 4.
Nxe4 Bf5 5. Ng3 Bg6 6. h4 h6 7.
Nf3 Nd7 8. h5 Bh7 9. Bd3 Bxd3 10. Qxd3 e6 11. Bd2 Ngf6 12. O-O-O a5 13. Ne4 Nxe4 14.
Qxe4 Nf6 15. Qe2 Bb4 16. c3 Be7 17. Kb1 a4 18. c4 a3 19. b3 b5 20. Bc3 bxc4 21. bxc4 Rb8+ 22. Ka1 O-O 23. Ne5 Qc7 24. f4 Rfd8 25. g4 Bb4 26. Bxb4 Rxb4 27. g5 Rb2 28.
Qe3 Qb7 29. gxf6 Rxa2+ 0-1

[Event "*** SCC Grand Prix: Titled Tuesday Blitz"]
[Site "Chess.com"]
[Date "2020.07.14"]
[Round "4"]
[White "Ermito2020"]
[Black "seorobert1971"]
[Result "1-0"]
[WhiteElo "2524"]
[BlackElo "2754"]
[TimeControl "180+1"]
[EndTime "10:36:42 PDT"]
[Termination "Ermito2020 won by resignation"]

1. e4 e6 2. d4 d5 3. Nc3 Bb4 4. e5 Ne7 5. a3 Bxc3+ 6. bxc3 b6 7. Qg4 Kf8 8. h4 h5 9. Qd1 Ba6 10. Bxa6 Nxa6 11. Bg5 Nb8 12. Ne2 Qd7 13. Nf4 g6 14. g4 hxg4 15. Qxg4 Nf5 16. h5 Nc6 17. Kd2 gxh5 18. Rxh5 Rg8 19. Rah1 Nce7 20. Rh8 c5 21. Bxe7+ Nxe7 22. Rxg8+ Nxg8 23. Rh8 1-0

[Event "*** SCC Grand Prix: Titled Tuesday Blitz"]
[Site "Chess.com"]
[Date "2020.07.14"]
[Round "4"]
[White "Meri-Arabidze"]
[Black "dosto07"]
[Result "1-0"]
[WhiteElo "2565"]
[BlackElo "2223"]
[TimeControl "180+1"]
[EndTime "10:36:46 PDT"]
[Termination "Meri-Arabidze won by resignation"]

1. d4 d5 2. c4 dxc4 3. Nf3 Nf6 4.
e3 e6 5. Bxc4 c5 6. O-O a6 7.
Bb3 Nc6 8. Qe2 Be7 9. Rd1 O-O 10.
Nc3 Qc7 11. h3 b6 12. d5 exd5 13. Nxd5 Nxd5 14. Bxd5 Bb7 15. e4 Rfe8 16. a3 Bf6 17. Be3 Nd4 18. Bxd4 cxd4 19. Rac1 Qe7 20. Bxb7 Qxb7 21.
e5 Qe7 22. Qc4 Bxe5 23. Re1 Qf6 24. Nxe5 Rxe5 25. Qc8+ 1-0

[Event "*** SCC Grand Prix: Titled Tuesday Blitz"]
[Site "Chess.com"]
[Date "2020.07.14"]
[Round "4"]
[White "saraswathii"]
[Black "Klaus1995"]
[Result "0-1"]
[WhiteElo "2333"]
[BlackElo "1897"]
[TimeControl "180+1"]
[EndTime "10:36:49 PDT"]
[Termination "Klaus1995 won by resignation"]

1. d4 Nf6 2. Bf4 e6 3. e3 c5 4. c3 d5 5. Nf3 Bd6 6. Bg3 O-O 7. Bd3 Nc6 8. O-O Re8 9. Nbd2 e5 10. dxe5 Nxe5 11. Nxe5 Bxe5 12. Bxe5 Rxe5 13. Nf3 Re8 14.
h3 b6 15. Qe2 Bb7 16. Rad1 Qe7 17. Rfe1 Rad8 18. Bb5 Rf8 19. a4 h6 20. a5 Ne4 21.
axb6 axb6 22. Ra1 Ra8 23. Nh2 f5 24. c4 dxc4 25. Bxc4+ Kh8 26. Qh5 Qf6 27. Rxa8 Rxa8 28. Rf1 Nd2 29. Rc1 Qxb2 0-1